 Dungeon Crawl Stone Soup version 0.26.1-11-gd32895ea62 (webtiles) character file.

Game seed: 1810297347490896475

207 Zeld the Skirmisher (level 5, -14/37 HPs)
             Began as an Octopode Monk on May 17, 2021.
             Demolished by Menkaure (24 damage)
             ... on level 4 of the Dungeon.
             The game lasted 00:02:56 (4363 turns).

Zeld the Skirmisher (Octopode Monk)                 Turns: 4363, Time: 00:02:57

Health: -14/37     AC:  1    Str: 10    XL:     5   Next: 85%
Magic:  9/9        EV: 15    Int: 12    God:
Gold:   116        SH:  0    Dex: 16    Spells: 9/9 levels left

rFire    . . .     SeeInvis .     - Unarmed
rCold    . . .     Faith    .   (no shield)
rNeg     . . .     Spirit   .   (helmet restricted)
rPois    .         Reflect  .   (no amulet)
rElec    .         Harm     .   (no ring)
rCorr    .         Rampage  .   (no ring)
Will     .....                  (no ring)
Stlth    +++.......             (no ring)
HPRegen  0.12/turn              (no ring)
MPRegen  0.11/turn              (no ring)
                                (no ring)
                                (no ring)

@: no status effects
A: almost no armour, stealthy swim, amphibious, 8 rings, constrict 8, camouflage
1, gelatinous body 1
a: no special abilities


You were on level 4 of the Dungeon.
You visited 1 branch of the dungeon, and saw 4 of its levels.

You collected 116 gold pieces.

Inventory:

Jewellery
 g - an uncursed ring of magical power {unknown}
Scrolls
 a - 4 scrolls of identify {unknown}
 b - a scroll of fog {unknown}
 d - 2 scrolls of teleportation {unknown}
 h - a scroll of remove curse {unknown}
 i - a scroll of enchant armour {unknown}
Potions
 c - a potion of heal wounds {unknown}
 e - 2 potions of might {unknown}
 f - a potion of lignification {unknown}


   Skills:
 * Level 4.3 Fighting
 * Level 4.3 Dodging
 - Level 2.6 Stealth
 - Level 3.0 Unarmed Combat
 * Level 2.7 Spellcasting


You had 9 spell levels left.
You didn't know any spells.
Your spell library was empty.

Dungeon Overview and Level Annotations

Branches:
Dungeon (4/15)
 Temple: D:4-7

Altars:
Elyvilon
Trog
Vehumet
Yredelemnul
The Shining One

Annotations:
D:4 Menkaure


Innate Abilities, Weirdness & Mutations

You cannot wear most types of armour.
You are very stealthy in the water. (Stealth+)
You are amphibious.
You can wear up to eight rings at the same time.
You can use your tentacles to constrict eight enemies at once.
Your skin changes colour to match your surroundings (Stealth+).
Your rubbery body absorbs attacks. (AC +1, EV +1)


Message History

Menkaure gestures at you while chanting.
You barely resist.
You tentacle-slap Menkaure but do no damage.
Menkaure is lightly damaged.
You constrict Menkaure. You tentacle-slap Menkaure.
Menkaure is heavily damaged.
You constrict Menkaure. Menkaure hits you!
* * * LOW HITPOINT WARNING * * *
You are too injured to fight recklessly!
You are too injured to fight recklessly!
You tentacle-slap Menkaure. You squeeze Menkaure.
Menkaure is severely damaged.
You constrict Menkaure. Menkaure misses you.
You tentacle-slap Menkaure but do no damage.
You squeeze Menkaure.
Menkaure is severely damaged.
You constrict Menkaure. Menkaure hits you!!
Ouch! That really hurt!
You die...

######### #......
#.......######.#...#
#.............)##.##
#.##.##.#.#######.#
#.......#.# #.#
#..###.##.# #+# #..
#.##.# #.M###.##.#
#@..#.#.# ###.....#
........<.+
##......####
#.#.#..# #...##.#
#..## .# #.. <# #.#


You could see Menkaure.

Vanquished Creatures
  A scorpion (D:4)
  A hound (D:3)
  An adder (D:3)
  2 oozes
  A worm (D:2)
  4 leopard geckos
  10 orcs (D:3)
  2 ball pythons
  3 giant cockroaches
  15 goblins
  8 hobgoblins
  7 jackals
  9 kobolds
  5 quokkas
  6 bats
  6 frilled lizards
  7 rats
88 creatures vanquished.

Vanquished Creatures (others)
  A jackal (D:3)
1 creature vanquished.

Grand Total: 89 creatures vanquished

Notes
Turn   | Place    | Note
-------+----------+-------------------------------------------
     0 | D:1      | Zeld the Octopode Monk began the quest for the Orb.
     0 | D:1      | Reached XP level 1. HP: 16/16 MP: 1/1
   156 | D:1      | Reached XP level 2. HP: 21/21 MP: 2/2
   805 | D:1      | Reached skill level 1 in Spellcasting
  1017 | D:2      | Reached XP level 3. HP: 21/26 MP: 4/4
  1981 | D:2      | Reached XP level 4. HP: 22/32 MP: 6/6
  2318 | D:2      | Found a white marble altar of Elyvilon.
  2831 | D:2      | Found a bloodstained altar of Trog.
  3302 | D:3      | Found a faded altar of an unknown god.
  3589 | D:3      | Reached XP level 5. HP: 37/37 MP: 8/8
  3799 | D:3      | Found a basalt altar of Yredelemnul.
  3801 | D:3      | Noticed a profane servitor
  3820 | D:3      | Found a glowing golden altar of the Shining One.
  3822 | D:3      | Noticed an angel
  4018 | D:4      | Found a radiant altar of Vehumet.
  4354 | D:4      | Noticed Menkaure
  4363 | D:4      | Demolished by Menkaure

Illustrated notes

Levels and vault maps discovered:
D:1:      eino_arrival_cavern_a, layout_basic
D:2:      layout_basic, lemuel_doored_altar, trog_hazing_becter
D:3:      layout_basic, grunt_temple_overflow_holy_war,
          chequers_ecumenical_altar_grove
D:4:      layout_loops_corners, fiery_altar_vehumet, uniq_menkaure

Skill      XL: |  1  2  3  4  5 |
---------------+----------------+-----
Spellcasting   | 1 2 |  2.7
Dodging        | 4 |  4.3
Fighting       | 4 |  4.3
Stealth        | |  2.6
Unarmed Combat | |  3.0

Action                   |  1- 3 |  4- 6 || total
-------------------------+-------+-------++-------
Melee: Unarmed           |    97 |   100 ||   197
       Constrict         |    28 |    32 ||    60
       Tentacles         |    19 |    34 ||    53
       Punch             |     2 |     1 ||     3
 Stab: Sleeping          |    10 |     9 ||    19
       Distracted        |       |     1 ||     1
Armor: Skin              |     5 |     8 ||    13
Dodge: Dodged            |    61 |    51 ||   112
